 Dungeon Crawl Stone Soup version 0.29.1-15-g9cfb28693d (webtiles) character file.

Game seed: 12968491156769849227

280 Atelerd the Digger (level 6, -5/37 HPs)
             Began as an Octopode Earth Elementalist on Feb 21, 2023.
             Slain by a hound (6 damage)
             ... on level 3 of the Dungeon.
             The game lasted 00:03:00 (3294 turns).

Atelerd the Digger (Octopode Earth Elementalist)    Turns: 3294, Time: 00:03:00

Health: -5/37      AC:  1    Str:  8    XL:     6   Next: 27%
Magic:  1/10       EV: 13    Int: 17    God:
Gold:   196        SH:  0    Dex: 14    Spells: 4/11 levels left

rFire   . . .      SeeInvis .   p - +2 dagger (venom)
rCold   . . .      Faith    .   (no shield)
rNeg    . . .      Spirit   .   (helmet restricted)
rPois   +          Reflect  .   (no amulet)
rElec   .          Harm     .   r - ring of poison resistance
rCorr   .          Rampage  .   (no ring)
Will    .....                   (no ring)
Stlth   +++.......              (no ring)
HPRegen 0.12/turn               (no ring)
MPRegen 0.12/turn               (no ring)
                                (no ring)
                                (no ring)

@: no status effects
A: almost no armour, amphibious, 8 rings, camouflage 1, gelatinous body 1,
(nimble swimmer 1), tentacles
a: no special abilities


You were on level 3 of the Dungeon.
You visited 1 branch of the dungeon, and saw 4 of its levels.

You collected 196 gold pieces.

Inventory:

Hand Weapons
 n - a +0 dagger
 p - a +2 dagger of venom (weapon)
Jewellery
 r - a ring of poison resistance (left tentacle)
 u - a ring of see invisible
Wands
 j - a wand of light (6)
 s - a wand of iceblast (8)
Scrolls
 b - a scroll of blinking {unknown}
 c - 2 scrolls of teleportation {unknown}
 d - 2 scrolls of identify {unknown}
 f - 2 scrolls of noise {unknown}
 g - 2 scrolls of vulnerability {unknown}
 i - a scroll of amnesia {unknown}
 l - a scroll of immolation {unknown}
 m - a scroll of butterflies {unknown}
 q - a scroll of fear {unknown}
Potions
 a - 4 potions of magic
 e - 2 potions of heal wounds {unknown}
 h - a potion of might {unknown}
 k - 2 potions of curing {unknown}
 o - a potion of mutation {unknown}
 t - 2 potions of cancellation


   Skills:
 - Level 0.3 Fighting
 - Level 0.4 Short Blades
 * Level 2.0 Dodging
 * Level 2.8 Stealth
 - Level 0.6 Unarmed Combat
 + Level 3.1 Spellcasting
 * Level 0.1 Translocations
 * Level 2.2 Transmutations
 * Level 5.5 Earth Magic


You had 4 spell levels left.
You knew the following spells:

 Your Spells              Type           Power      Damage    Failure   Level
a - Sandblast             Erth           42%        2d11      1%          1
c - Blink                 Tloc           6%         N/A       24%         2
p - Petrify               Tmut/Erth      15%        N/A       34%         4

Your spell library contained the following spells:

 Spells                   Type           Power      Damage    Failure   Level
 Passwall                 Tmut/Erth      12%        N/A       5%          2
 Stone Arrow              Conj/Erth      24%        3d8       17%         3
 Call Canine Familiar     Summ           2%         N/A       45%         3
 Portal Projectile        Hex/Tloc       4%         N/A       45%         3
 Leda's Liquefaction      Hex/Erth       6%         N/A       50%         4
 Manifold Assault         Tloc           3%         N/A       99%         5
 Storm Form               Tmut/Air       3%         N/A       100%        7


Dungeon Overview and Level Annotations

Branches:
Dungeon (4/15)             Temple (0/1) D:4

Altars:


Innate Abilities, Weirdness & Mutations

You cannot wear most types of armour.
You are amphibious.
You can wear up to eight rings at the same time.
Your skin changes colour to match your surroundings (Stealth+).
Your rubbery body absorbs attacks. (AC +1, EV +1)
((You are camouflaged when in or above water. (Stealth+)))
You have tentacles for arms and can constrict up to eight enemies at once.


Message History

Casting: Sandblast (safe; 1% risk of failure)
Confirm with . or Enter, or press ? or * to list all spells.
Aiming: Sandblast (safe; 1% risk of failure)
Press: ? - help, Shift-Dir - straight line, f/p - orc priest
Aim: an orc priest, wielding a +0 whip and wearing a +0 chain mail (87% to hit)
Okay, then.
Casting: Sandblast (safe; 1% risk of failure)
Confirm with . or Enter, or press ? or * to list all spells.
You miscast Blink.
You are very lightly contaminated with residual magic.
Nothing appears to happen.
The hound barely misses you. The orc priest misses you.
Casting: Blink (dangerous; 24% risk of failure)
Confirm with . or Enter, or press ? or * to list all spells.
You miscast Blink.
Nothing appears to happen.
The hound bites you.
* * * LOW HITPOINT WARNING * * *
The orc priest casts a cantrip, but nothing happens.
The hound barely misses you.
Casting: Blink (dangerous; 24% risk of failure)
Confirm with . or Enter, or press ? or * to list all spells.
Okay, then.
Casting: Blink (dangerous; 24% risk of failure)
Confirm with . or Enter, or press ? or * to list all spells.
You blink.
Found an escape hatch in the ceiling.
A hobgoblin comes into view.
The hobgoblin shouts!
The orc priest looks encouraged for a moment.
You feel stable enough to blink again.
The orc priest calls down the wrath of Beogh upon you.
Beogh smites you!
* * * LOW HITPOINT WARNING * * *
There is an escape hatch in the ceiling here.
The hound completely misses you.
The orc priest looks braver for a moment.
A mysterious force pulls you upwards. The hatch slams shut behind you.
Unknown command.
It was a potion of cancellation.
You feel magically purged.
Your magical contamination has completely faded away.
The hound bites you.
You die...

### #h# #@# #.#
#.#############
#)..[.........# #
#.###########.# #
#.#.........#.# #
#.#.#######.#.# #
#.#.#.....#.#.####
#.#.#.###.#.#.#...


You could see a hound.

Vanquished Creatures
  Sigmund (D:3)
  4 gnolls (D:3)
  An adder (D:3)
  A worm (D:2)
  A dart slug (D:2)
  2 orcs
  7 bats
  5 endoplasms
  3 giant cockroaches
  2 goblins
  8 hobgoblins
  3 kobolds
  4 quokkas
  12 ball pythons
  A frilled lizard (D:3)
  4 rats
59 creatures vanquished.

Notes
Turn   | Place    | Note
-------+----------+-------------------------------------------
     0 | D:1      | Atelerd the Octopode Earth Elementalist began the quest for
                  | the Orb.
     0 | D:1      | Reached XP level 1. HP: 11/11 MP: 3/3
   189 | D:1      | Reached XP level 2. HP: 13/17 MP: 1/5
  1047 | D:1      | Reached XP level 3. HP: 21/21 MP: 3/6
  1150 | D:1      | Reached skill level 4 in Earth Magic
  1296 | D:2      | Found a faded altar of an unknown god.
  2122 | D:3      | Reached XP level 4. HP: 27/27 MP: 5/7
  2596 | D:3      | Noticed Sigmund
  2605 | D:3      | Killed Sigmund
  2606 | D:3      | Reached skill level 5 in Earth Magic
  2606 | D:3      | Reached XP level 5. HP: 14/32 MP: 3/9
  2606 | D:3      | Reached XP level 6. HP: 16/37 MP: 3/10
  2919 | D:3      | Learned a level 2 spell: Blink
  2924 | D:3      | Learned a level 4 spell: Petrify
  3269 | D:4      | Found a staircase to the Ecumenical Temple.
  3290 | D:4      | HP: 1/37 [orc priest/divine providence (11)]
  3294 | D:3      | Slain by a hound

Illustrated notes

Levels and vault maps discovered:
D:1:      dpeg_arrival_stone_temple_mockup, layout_basic
D:2:      layout_rooms, nicolae_ecumenical_snake_handling,
          minmay_split_cup_large
D:3:      layout_basic, uniq_sigmund
D:4:      layout_basic, minmay_temple_entry_grid, serial_shops,
          nicolae_shop_bloodbath_and_beyond, uniq_robin

Skill      XL: |  1  2  3  4 |
---------------+-------------+-----
Earth Magic    | 4 5 |  5.5
Spellcasting   | 3 |  3.1
Transmutations | 2 |  2.2
Fighting       | |  0.3
Short Blades   | |  0.4
Dodging        | |  2.0
Stealth        | |  2.8
Unarmed Combat | |  0.6
Translocations | |  0.1

Action                   |  1- 3 |  4- 6 || total
-------------------------+-------+-------++-------
Melee: Unarmed           |    32 |       ||    32
       Tentacles         |    10 |     2 ||    12
       Constrict         |    10 |     3 ||    13
       Dagger            |     3 |     8 ||    11
       Punch             |     2 |       ||     2
 Cast: Sandblast         |    42 |    23 ||    65
       Blink             |       |     1 ||     1
Evoke: Wand              |     1 |       ||     1
  Use: Potion            |       |     1 ||     1
 Stab: Sleeping          |     6 |       ||     6
Armor: Skin              |     5 |       ||     5
Dodge: Dodged            |    43 |    11 ||    54
